 Dungeon Crawl Stone Soup version 0.26.0-45-g9c1d065592 (webtiles) character file.

Game seed: 9462427220748486374

185 thiole the Sneak (level 5, -13/31 HPs)
             Began as an Octopode Hedge Wizard on Jan 27, 2021.
             Mangled by an ogre
             ... wielding a +0 giant spiked club
              (23 damage)
             ... on level 3 of the Dungeon.
             The game lasted 00:08:12 (4856 turns).

thiole the Sneak (Octopode Hedge Wizard)            Turns: 4856, Time: 00:08:12

Health: -13/31     AC:  1    Str: 10    XL:     5   Next: 64%
Magic:  5/10       EV: 13    Int: 17    God:
Gold:   134        SH:  0    Dex: 11    Spells: 3/11 levels left

rFire    . . .     SeeInvis .   a - +0 dagger
rCold    . . .     Faith    .   (no shield)
rNeg     . . .     Spirit   .   b - +0 hat
rPois    .         Reflect  .   m - amulet of magic regeneration
rElec    .         Harm     .   (no ring)
rCorr    .         Rampage  .   (no ring)
Will     .....                  (no ring)
Stlth    +++.......             (no ring)
HPRegen  0.10/turn              (no ring)
MPRegen  0.37/turn              (no ring)
                                (no ring)
                                (no ring)

@: very slightly contaminated
A: almost no armour, stealthy swim, amphibious, 8 rings, constrict 8, camouflage
1, gelatinous body 1
a: no special abilities


You were on level 3 of the Dungeon.
You visited 1 branch of the dungeon, and saw 3 of its levels.

You collected 134 gold pieces.

Inventory:

Hand Weapons
 a - a +0 dagger (weapon)
Missiles
 k - 77 stones
Armour
 b - a +0 hat (worn)
 j - a +0 kite shield
Jewellery
 m - an amulet of magic regeneration (around mantle)
 s - a +4 ring of slaying {unknown}
Scrolls
 c - 3 scrolls of remove curse {unknown}
 d - 7 scrolls of identify {unknown}
 e - 3 scrolls of teleportation {unknown}
 f - a scroll of random uselessness {unknown}
 g - 2 scrolls of noise {unknown}
 l - a scroll of immolation {unknown}
 n - a scroll of magic mapping {unknown}
 q - a scroll of enchant weapon {unknown}
Potions
 h - a potion of flight {unknown}
 i - 2 potions of curing
 o - a potion of resistance {unknown}
 p - a potion of degeneration {unknown}
 r - 2 potions of haste {unknown}


   Skills:
 - Level 2.0 Dodging
 + Level 4.1 Stealth
 * Level 1.8 Shields
 + Level 3.6 Spellcasting
 - Level 2.0 Conjurations
 - Level 2.0 Summonings
 - Level 1.0 Translocations
 * Level 1.4 Air Magic
 * Level 1.8 Poison Magic


You had 3 spell levels left.
You knew the following spells:

 Your Spells              Type           Power        Failure   Level
a - Magic Dart            Conj           36%          8%          1
b - Call Imp              Summ           9%           11%         2
c - Blink                 Tloc           N/A          17%         2
d - Mephitic Cloud        Conj/Pois/Air  9%           24%         3

Your spell library contained the following spells:

 Spells                   Type           Power        Failure   Level
 Slow                     Hex            3%           26%         2
 Conjure Flame            Conj/Fire      6%           32%         3


Dungeon Overview and Level Annotations

Branches:
Dungeon (3/15)

Altars:
Cheibriados

Annotations:
D:3 Grinder


Innate Abilities, Weirdness & Mutations

You cannot wear most types of armour.
You are very stealthy in the water. (Stealth+)
You are amphibious.
You can wear up to eight rings at the same time.
You can use your tentacles to constrict eight enemies at once.
Your skin changes colour to match your surroundings (Stealth+).
Your rubbery body absorbs attacks. (AC +1, EV +1)


Message History

Nothing appears to happen.
The hobgoblin hits you with a cursed -2 club.
The ogre barely misses you. The dart slug misses you.
Casting: Blink (safe; 17% risk of failure)
Confirm with . or Enter, or press ? or * to list all spells.
The spell is quite dangerous to cast (24% risk of failure)!
Continue anyway?
Aiming: Mephitic Cloud (quite dangerous; 24% risk of failure)
Press: ? - help, Shift-Dir - straight line That beam is likely to hit you.
Continue anyway?
The ball explodes into a vile cloud!
The stinking cloud engulfs the dart slug but does no damage.
The stinking cloud engulfs you but does no damage.
The stinking cloud engulfs the hobgoblin but does no damage.
The stinking cloud engulfs the ogre but does no damage.
The ogre is lightly wounded.
The hobgoblin is engulfed in noxious fumes.
The hobgoblin appears confused.
The hobgoblin barely misses you.
The ogre hits you with a +0 giant spiked club!!
Ouch! That really hurt!
You die...

##.## ##.#.........##.......#
#..# #..#..######..#...##... #.##
##.##.##....##.##..##.## #.#
#..#..# .)[..# .#..##.## #.#
#..#..# =##?.# #.##...# [.#
#..#..# $##(.# #.#.≈≈≈. ..##
#..#..# .(!..# #.#≈≈≈≈≈
...#######..##.##g...# ##.[≈≈.≈≈
.....)....)..#..@w.# #...≈≈≈≈≈
....########.##.☼O☼....##...#≈≈)#
....# #..###....###...###_##
..<## ##...######.†...# ### ..##
###...........## ###
######....### ######


You could see an ogre, a dart slug and a hobgoblin (confused).

Vanquished Creatures
  An orc priest (D:2)
  A gnoll (D:1)
  2 adders (D:3)
  2 worms (D:2)
  6 dart slugs
  4 leopard geckos
  5 orcs
  3 giant cockroaches (D:2)
  7 goblins
  5 hobgoblins
  A ball python (D:1)
  12 bats
  2 frilled lizards
  5 kobolds
  6 rats
62 creatures vanquished.

Vanquished Creatures (collateral kills)
  An orc priest (D:3)
  An adder (D:3)
  A worm (D:3)
  5 orcs
  A goblin (D:3)
9 creatures vanquished.

Grand Total: 71 creatures vanquished

Notes
Turn   | Place    | Note
-------+----------+-------------------------------------------
     0 | D:1      | thiole the Octopode Hedge Wizard began the quest for the
                  | Orb.
     0 | D:1      | Reached XP level 1. HP: 11/11 MP: 4/4
   207 | D:1      | Reached skill level 3 in Stealth
   396 | D:1      | Reached XP level 2. HP: 17/17 MP: 3/6
   987 | D:1      | Reached XP level 3. HP: 21/21 MP: 5/7
   995 | D:1      | Learned a level 2 spell: Call Imp
   998 | D:1      | Learned a level 2 spell: Blink
  1002 | D:1      | Learned a level 3 spell: Mephitic Cloud
  2695 | D:2      | Reached XP level 4. HP: 27/27 MP: 2/9
  3515 | D:2      | Reached skill level 4 in Stealth
  3515 | D:2      | Reached skill level 1 in Shields
  3933 | D:3      | Reached skill level 1 in Poison Magic
  4023 | D:3      | Reached XP level 5. HP: 22/31 MP: 5/10
  4107 | D:3      | Reached skill level 1 in Air Magic
  4551 | D:3      | Found a snail-covered altar of Cheibriados.
  4675 | D:3      | Noticed Grinder
  4842 | D:3      | Noticed an ogre
  4856 | D:3      | Mangled by an ogre

Illustrated notes

Levels and vault maps discovered:
D:1:      shiori_arrival_maze, layout_basic, minmay_small_reverse_x
D:2:      cheibrodos_pilgrimage, layout_basic
D:3:      layout_rooms, kennysheep_slug_shrine, st_stairs_3,
          minmay_randomly_rotated_circles, uniq_grinder

Skill      XL: |  1  2  3  4  5 |
---------------+----------------+-----
Stealth        | 3 4 |  4.1
Summonings     | 2 |  2.0
Conjurations   | 2 |  2.0
Shields        | 1 |  1.8
Poison Magic   | 1 |  1.8
Air Magic      | 1 |  1.4
Dodging        | |  2.0
Spellcasting   | |  3.6
Translocations | |  1.0

Action                   |  1- 3 |  4- 6 || total
-------------------------+-------+-------++-------
Melee: Dagger            |    18 |    48 ||    66
       Constrict         |     7 |    14 ||    21
       Tentacles         |     2 |    11 ||    13
 Cast: Magic Dart        |    93 |    61 ||   154
       Call Imp          |       |    12 ||    12
       Mephitic Cloud    |       |     2 ||     2
  Use: Potion            |       |     1 ||     1
 Stab: Sleeping          |     2 |     1 ||     3
       Distracted        |       |     1 ||     1
Armor: Skin              |     7 |     3 ||    10
Dodge: Dodged            |    17 |    36 ||    53
